 Dungeon Crawl Stone Soup version 0.15-a0-1253-g15b4f57 (webtiles) character file.

963 Amnesiac the Cutter (level 7, -1/36 HPs)
             Began as a Deep Elf Enchanter on June 4, 2014.
             Shot with an arrow by a centaur (3 damage)
             ... on Level 5 of the Dungeon.
             The game lasted 00:19:13 (3502 turns).

Amnesiac the Cutter (Deep Elf Enchanter)            Turns: 3502, Time: 00:19:14

HP  -1/36        AC  5     Str  5      XL: 7   Next: 92%
MP  17/20        EV 13     Int 20      God:
Gold 59          SH  0     Dex 17      Spells:  4 memorised,  0 levels left

rFire  . . .     SeeInvis .     v - +1,+3 dagger
rCold  . . .     Clarity  .     b - +2 robe
rNeg   . . .     rCorr    .     (no shield)
rPois  .         rRot     .     (no helmet)
rElec  .         Spirit   .     (no cloak)
SustAb .         Warding  .     u - +0 pair of gloves
rMut   .         Stasis   .     (no boots)
Gourm  .                        (no amulet)
MR     .....                    (no ring)
                                (no ring)

@: not resistant to hostile enchantments, fairly stealthy
A: no striking features
a: no special abilities


You were on level 5 of the Dungeon.
You were near starving.

You visited 1 branch of the dungeon, and saw 6 of its levels.

You collected 59 gold pieces.

Inventory:

Hand weapons
 v - a +1,+3 dagger (weapon)
Missiles
 h - 27 stones (quivered)
 o - 8 poisoned needles
Armour
 b - a +2 robe (worn)
 u - a +0 pair of gloves (worn)
Magical devices
 s - a wand of flame (15)
Comestibles
 d - 3 bread rations
 i - a royal jelly
 p - a meat ration
Scrolls
 f - a scroll of amnesia
 g - a scroll of teleportation
 k - a scroll of enchant armour
 n - a scroll of enchant weapon II
Potions
 e - a potion of restore abilities {unknown}
 j - a potion of lignification {unknown}
 l - 2 potions of agility
 m - a potion of curing
Books
 c - a book of Maledictions

   Spells                             Type                      Level
   Corona                             Hexes                        1
   Sure Blade                         Hexes/Charms                 2
   *Ensorcelled Hibernation           Hexes/Ice                    2
   *Confuse                           Hexes                        3
   *Dazzling Spray                    Conjuration/Hexes            3
   *Enslavement                       Hexes                        4
 r - a book of Control

   Spells                             Type                      Level
   Control Teleport                   Charms/Translocation         4
   Control Undead                     Necromancy                   4
   *Enslavement                       Hexes                        4
   Metabolic Englaciation             Hexes/Ice                    5
   Mass Confusion                     Hexes                        6


   Skills:
 + Level 6.9 Short Blades
 - Level 2.4 Dodging
 - Level 6.5 Stealth
 - Level 3.0 Spellcasting
 - Level 6.7 Hexes


You couldn't memorise any spells.
You knew the following spells:

 Your Spells              Type           Power        Failure   Level  Hunger
d - Enslavement           Hex            ####....     10%         4    ####...
e - Dazzling Spray        Conj/Hex       ###.....     12%         3    ###....
f - Confuse               Hex            ####....     2%          3    ###....
z - Ensorcelled Hibernat  Hex/Ice        ###...       6%          2    ##.....


Dungeon Overview and Level Annotations

Branches:
Dungeon (6/15)
 Temple: D:4-7

Altars:
Fedhas
Gozag
Sif Muna
Vehumet
Xom

Shops:
D:5 [%[(


Message History

The centaur wields a runed shortbow.
The centaur shoots an arrow.
The arrow hits you!
The centaur shoots an arrow.
The arrow hits you.
You see here an arrow.
You start resting.
You start resting.
You see here an arrow.
Casting: Ensorcelled Hibernation
Confirm with . or Enter, or press ? or * to list all spells.
You can't see any susceptible monsters within range! (Use Z to cast anyway.) Unknown command.
You start resting.
You start resting.
The centaur shoots an arrow.
The arrow closely misses you.
You see here an arrow.
You see here an arrow.
The centaur shoots an arrow.
The arrow closely misses you.
The centaur shoots an arrow.
The arrow hits you!
* * * LOW HITPOINT WARNING * * *
x2 You die...

........##.#.#...
#.............
####.#######.. ##...##
#.. #############.....#
##. #.........8.8.8...#
#.
#.....c###.⌠.(....#####.
#......##(8.∩.8.........
#......@(..⌠.⌠..........
#..[...###8.8.8.#.......
#...... ....##..#######.
#......#######.## #.
####### .# #. .# #. ###.
#... #.##


You could see a centaur.

Vanquished Creatures
  Pikel (D:4)
  A slave (D:4)
  2 phantoms (D:4)
  A centaur (D:5)
  A crimson imp (D:5)
  An iguana (D:5)
  3 worker ants
  Jessica (D:3)
  3 adders
  2 worms
  3 oozes
  2 orcs
  A ball python (D:4)
  2 giant cockroaches
  6 goblins
  7 hobgoblins
  7 jackals
  7 kobolds
  4 bats
  2 giant newts
  2 quokkas
  A quokka skeleton (D:4)
  8 rats
68 creatures vanquished.

Vanquished Creatures (others)
  A worker ant (D:4)
  A giant mite (D:4)
2 creatures vanquished.

Grand Total: 70 creatures vanquished

Notes
Turn   | Place    | Note
--------------------------------------------------------------
     0 | D:1      | Amnesiac, the Deep Elf Enchanter, began the quest for the Orb.
     0 | D:1      | Reached XP level 1. HP: 10/10 MP: 5/5
   352 | D:1      | Reached XP level 2. HP: 10/15 MP: 4/8
   356 | D:1      | Learned a level 2 spell: Ensorcelled Hibernation
   817 | D:2      | Reached XP level 3. HP: 19/19 MP: 0/10
   976 | D:4      | Noticed a phantom
   987 | D:3      | Learned a level 3 spell: Confuse
  1064 | D:3      | Noticed Jessica
  1074 | D:3      | Killed Jessica
  1407 | D:4      | Noticed a slave
  1408 | D:4      | Noticed Pikel
  1433 | D:4      | Reached XP level 4. HP: 17/24 MP: 0/13
  1490 | D:4      | Noticed a slave
  1517 | D:4      | Found a radiant altar of Vehumet.
  1581 | D:4      | Noticed a phantom
  1598 | D:4      | Noticed a slave
  1620 | D:4      | Learned a level 3 spell: Dazzling Spray
  1704 | D:4      | Noticed a slave
  1718 | D:5      | Entered Level 5 of the Dungeon
  1792 | D:5      | Found Zikieq's Armour Shop.
  1851 | D:5      | Noticed a centaur
  1867 | D:5      | Killed a centaur
  1867 | D:5      | Reached skill level 5 in Hexes
  1867 | D:5      | Reached XP level 5. HP: 28/28 MP: 8/16
  2032 | D:5      | Reached skill level 6 in Hexes
  2420 | D:5      | Found Ghain's Weapon Boutique.
  2489 | D:4      | Found a blossoming altar of Fedhas.
  2571 | D:4      | Reached XP level 6. HP: 18/32 MP: 7/18
  2771 | D:4      | Killed a phantom
  2771 | D:4      | Reached skill level 5 in Stealth
  2781 | D:4      | Killed a phantom
  2925 | D:4      | Found an opulent altar of Gozag.
  2929 | D:4      | Found a shimmering altar of Xom.
  2934 | D:4      | Found a deep blue altar of Sif Muna.
  3054 | D:4      | Killed Pikel
  3054 | D:4      | Reached XP level 7. HP: 29/36 MP: 0/20
  3189 | D:4      | Killed a freed slave
  3232 | D:4      | Learned a level 4 spell: Enslavement
  3406 | D:5      | Found Kikit's Food Emporium.
  3475 | D:5      | Found Frarolan's Armour Emporium.
  3486 | D:5      | Noticed a centaur
  3502 | D:5      | Shot with an arrow by a centaur

Action                   |  1- 3 |  4- 6 |  7- 9 || total
-------------------------+-------+-------+-------++-------
Melee: Dagger            |    56 |    66 |    12 ||   134
 Cast: Corona            |     4 |       |       ||     4
       Ensorcelled Hiber |    28 |    36 |     8 ||    72
       Confuse           |       |    10 |       ||    10
       Dazzling Spray    |       |     6 |       ||     6
Evoke: Wand              |       |     1 |       ||     1
  Use: Scroll            |       |     7 |     1 ||     8
       Potion            |       |     5 |       ||     5
 Stab: Sleeping          |    24 |    14 |     4 ||    42
       Confused          |       |     2 |       ||     2
       Distracted        |       |       |     1 ||     1
